 Dungeon Crawl Stone Soup version 0.31-a0-230-g09eb5fc4d3 (webtiles) character file.

Game seed: 1945423327676628149

105 qw the Shooter (level 4, 0/26 HPs)
             Began as a Gargoyle Hexslinger on July 6, 2023.
             Slain by a gnoll
             ... wielding a +0 flail
              (8 damage)
             ... on level 3 of the Dungeon.
             The game lasted 00:00:46 (2098 turns).

qw the Shooter (Gargoyle Hexslinger)                Turns: 2098, Time: 00:00:46

Health: 0/26       AC:  9    Str:  9 (12) XL:     4   Next: 81%
Magic:  5/5        EV: 10    Int: 11 (13) God:
Gold:   181        SH:  0    Dex: 12 (14) Spells: 4/5 levels left

rFire   . . .        Y - +1 sling
rCold   + . .        (no shield)
rNeg    + . .        f - +1 ring mail {rC+}
rPois   inf          (no helmet)
rElec   +            (no cloak)
rCorr   .            (no gloves)
SInv    .            (no boots)
Will    .....        (no amulet)
Stlth   +            (no ring)
HPRegen 0.24/turn    (no ring)
MPRegen 0.09/turn

%: no passive effects
@: no status effects
A: sickness immunity, AC +3, negative energy resistance 1, electricity
resistance, torment resistance 1, petrification resistance
a: no special abilities


You were on level 3 of the Dungeon.
You visited 1 branch of the dungeon, and saw 3 of its levels.

You collected 181 gold pieces.


Innate Abilities, Weirdness & Mutations

You are immune to sickness and miasma.
Your stone body is resilient. (AC +3)
You are immune to poison.
You resist negative energy. (rN+)
You are resistant to electric shocks. (rElec)
You are resistant to unholy torment.
You are immune to petrification.


   Skills:
 - Level 2.0 Fighting
 + Level 4.3 Ranged Weapons
 - Level 1.0 Armour
 - Level 1.5 Dodging
 - Level 1.0 Spellcasting
 - Level 2.6 Hexes


You had 4 spell levels left.
You knew the following spells:

 Your Spells              Type           Power      Damage    Failure   Level
a - Slow                  Hex            24%        N/A       30%         1

Your spell library contained the following spells:

 Spells                   Type           Power      Damage    Failure   Level
 Inner Flame              Hex/Fire       3%         N/A       83%         3
 Portal Projectile        Hex/Tloc       6%         N/A       83%         3
 Cause Fear               Hex            3%         N/A       96%         4

Inventory:

Hand Weapons
 Y - a +1 sling (weapon)
Armour
 f - a +1 ring mail of cold resistance (worn)
Scrolls
 a - 4 scrolls of teleportation
 b - a scroll of fog {unknown}
 c - a scroll of identify
Potions
 d - a potion of enlightenment

Dungeon Overview and Level Annotations

Branches:
Dungeon (3/15)

Altars:


Message History

The gnoll hits you with a +0 flail.
You shoot a sling bullet. The sling bullet hits the gnoll.
The gnoll is almost dead.
The gnoll completely misses you.
You shoot a sling bullet. The sling bullet hits the gnoll!
You kill the gnoll!
You see here a +0 flail.
A gnoll comes into view. It is wielding a +0 flail.
The gnoll moves out of view.
Enter note:
Enter note:
Enter note: 2 gnolls come into view.
The gnoll shouts!
Enter note:
Enter note:
Enter note: The gnoll hits the plant with a +0 whip.
The plant begins to die.
Enter note:
Enter note:
Enter note: You shoot a sling bullet.
The sling bullet hits the gnoll!
The gnoll is heavily wounded.
A nearby plant withers and dies.
The gnoll closely misses you.
You shoot a sling bullet.
The sling bullet barely misses the gnoll.
The sling bullet hits the plant.
The plant begins to die.
The plant is lightly damaged.
The gnoll hits you with a +0 flail.
You shoot a sling bullet. The sling bullet hits the gnoll.
The gnoll is almost dead.
The gnoll hits you with a +0 flail. The gnoll hits you with a +0 whip.
The gnoll hits you with a +0 flail. The gnoll closely misses you.
You shoot a sling bullet.
The sling bullet barely misses the gnoll.
The sling bullet hits the plant.
The plant is lightly damaged.
A nearby plant withers and dies.
The gnoll hits you with a +0 flail!
You die...

#.### #.#.##
#....#### #.......+
#....#### #)#.##
#.### #.# #@# #+#
#gg...... #.####
......P.. #.##..
#...P.P.PP ##.##.#
#..P....P. ##...#.#
#........P.#......#
#..P....PP.........
#........P...#.##.#
.P... #.##.#


You could see 2 gnolls.

Vanquished Creatures
  A gnoll (D:3)
  3 adders (D:2)
  3 dart slugs
  4 ball pythons
  A bat (D:1)
  4 endoplasms
  4 giant cockroaches
  4 goblins
  10 hobgoblins
  4 jackals (D:1)
  3 quokkas
  3 frilled lizards
  5 kobolds
  8 rats
57 creatures vanquished.

Notes
Turn   | Place    | Note
-------+----------+-------------------------------------------
     0 | D:1      | qw the Gargoyle Hexslinger began the quest for the Orb.
     0 | D:1      | Reached XP level 1. HP: 12/12 MP: 2/2
     0 | D:1      | 0 ||| qw: Version: 0.3-a-46-gb1f654a
     0 | D:1      | 0 ||| qw: Game counter: 1800
     0 | D:1      | 0 ||| qw: Melee chars always use a shield: true
     0 | D:1      | 0 ||| qw: God list: Okawaru
     0 | D:1      | 0 ||| qw: Allow faded altars: false
     0 | D:1      | 0 ||| qw: Do Orc after clearing Dungeon:15 true
     0 | D:1      | 0 ||| qw: Do second Lair branch before Depths: true
     0 | D:1      | 0 ||| qw: Lair rune preference: random
     0 | D:1      | 0 ||| qw: Goals: Normal
     0 | D:1      | 0 ||| PLANNING D:1-11
   227 | D:1      | Reached XP level 2. HP: 16/16 MP: 3/3
   299 | D:1      | Reached skill level 3 in Ranged Weapons
   458 | D:1      | Reached XP level 3. HP: 21/21 MP: 4/4
   955 | D:1      | 955 ||| UPGRADING to +1 ring mail of cold resistance.
   965 | D:1      | 965 ||| DROPPING +0 robe.
   966 | D:1      | 966 ||| DRINKING 2 murky amethyst potions.
   967 | D:1      | 967 ||| DRINKING 2 black potions.
   968 | D:1      | 968 ||| DROPPING scroll of poison.
   969 | D:1      | 969 ||| DROPPING potion of attraction.
  1050 | D:2      | Reached XP level 4. HP: 26/26 MP: 5/5
  1348 | D:2      | Reached skill level 4 in Ranged Weapons
  1577 | D:2      | Reached skill level 1 in Armour
  1778 | D:2      | 1778 ||| READING 5 scrolls labelled CEOKHE KUCKYT.
  1781 | D:2      | 1781 ||| READING scroll labelled KUSEBR XEAV.
  1782 | D:2      | 1782 ||| READING 2 scrolls labelled SEFOS LOKHEUW.
  1783 | D:2      | 1783 ||| DRINKING 2 bubbling blue potions.
  1784 | D:2      | 1784 ||| DROPPING potion of degeneration.
  1785 | D:2      | 1785 ||| DROPPING scroll of noise.
  2098 | D:3      | Slain by a gnoll

Levels and vault maps discovered:
D:1:      dpeg_cavernosity, layout_basic
D:2:      kb_forest_paths, layout_basic
D:3:      layout_loops_corners, hellmonk_ecumenical_altar_heavens_door,
          nicolae_grassy_gnolls

Skill      XL: |  1  2  3  4 |
---------------+-------------+-----
Ranged Weapons | 3 4 |  4.3
Fighting       | 2 |  2.0
Armour         | 1 |  1.0
Dodging        | |  1.5
Spellcasting   | |  1.0
Hexes          | |  2.6

Action                     |  1- 3 |  4- 6 || total
---------------------------+-------+-------++-------
   Fire: Sling             |   134 |    54 ||   188
    Use: Potion            |     2 |     1 ||     3
         Scroll            |       |     3 ||     3
 Armour: Robe              |    22 |       ||    22
         Ring mail         |     4 |     7 ||    11
  Dodge: Dodged            |    67 |    11 ||    78

Table legend:
 A = Non-vault XP
 B = Vault XP
 C = Vault XP percentage of total XP
 D = Non-vault monster count
 E = Vault monster count
 F = Vault count percentage of total count
                 A         B        C        D         E       F
            +---------+---------+-------+---------+---------+-------
      Total |     119 |      31 |  20.7 |      46 |      11 |  19.3
            +---------+---------+-------+---------+---------+-------
        D:1 |      58 |       7 |  10.8 |      31 |       4 |  11.4
        D:2 |      53 |      10 |  15.9 |      12 |       6 |  33.3
        D:3 |       8 |      14 |  63.6 |       3 |       1 |  25.0
            +---------+---------+-------+---------+---------+-------
